 Dungeon Crawl Stone Soup version 0.21-a0-521-g1cd18d1 (webtiles) character file.

386 pkoi the Slasher (level 6, 0/44 HPs)
             Began as a Demonspawn Gladiator on Dec 6, 2017.
             Killed by nerve-wracking pain
             ... invoked by an orc priest
              (2 damage)
             ... on level 4 of the Dungeon.
             The game lasted 00:04:00 (3713 turns).

pkoi the Slasher (Demonspawn Gladiator)             Turns: 3713, Time: 00:04:00

Health: 0/44       AC: 10    Str: 17    XL:     6   Next: 48%
Magic:  6/6        EV:  8    Int:  9    God:
Gold:   130        SH:  0    Dex: 14    Spells: 5/5 levels left

rFire    + . .     SeeInvis .   a - +0 long sword
rCold    . . .     Gourm    .   (no shield)
rNeg     . . .     Faith    .   g - +0 chain mail
rPois    .         Spirit   .   (helmet restricted)
rElec    .         Reflect  .   (no cloak)
rCorr    .         Harm     .   (no gloves)
MR       .....                  (no boots)
Stlth    ..........             (no amulet)
HPRegen  0.14/turn              n - ring of protection from fire
MPRegen  0.10/turn              (no ring)

@: no status effects
A: horns 1, thin metallic scales 1, demonic guardian 1
a: no special abilities


You were on level 4 of the Dungeon.
You were not hungry.

You visited 1 branch of the dungeon, and saw 4 of its levels.

You collected 130 gold pieces.

Inventory:

Hand Weapons
 a - a +0 long sword (weapon)
Missiles
 d - 5 throwing nets (quivered)
Armour
 g - a +0 chain mail (worn)
Jewellery
 n - a ring of protection from fire (left hand)
Scrolls
 e - 2 scrolls of enchant armour {unknown}
 i - a scroll of remove curse {unknown}
 j - a scroll of fear {unknown}
 k - 5 scrolls of identify {unknown}
 l - a scroll of blinking {unknown}
 m - 4 scrolls of teleportation {unknown}
 r - a scroll of magic mapping {unknown}
Potions
 b - a potion of flight {unknown}
 c - 2 potions of curing {unknown}
 p - 2 potions of brilliance {unknown}
 q - a potion of magic {unknown}
Comestibles
 f - 3 bread rations
 h - 2 meat rations
 o - a royal jelly
 s - a chunk of flesh


   Skills:
 - Level 2.0 Fighting
 + Level 6.7 Long Blades
 - Level 1.8 Throwing
 - Level 2.7 Dodging


You had 5 spell levels left.
You didn't know any spells.

Dungeon Overview and Level Annotations

Branches:
Dungeon (4/15)
 Temple: D:4-7

Altars:
Cheibriados
Sif Muna
Trog
Uskayaw
Xom

Shops:
D:4 =

Annotations:
D:3 TheHza's ghost, amateur FoFi


Innate Abilities, Weirdness & Mutations

You have a pair of small horns on your head.
You are partially covered in thin metallic scales. (AC +2)
A weak demonic guardian rushes to your aid.


Message History

You feel sick.
You see here a worm corpse.
You butcher the worm corpse.
You feel sick.
s - 10 chunks of flesh (gained 1)
You feel sick.
You start resting.
You feel sick. x8
You are no longer poisoned.
You start resting.
Some of the chunks of flesh in your inventory have rotted away.
An orc comes into view. It is wielding a short sword.
The orc shouts!
An orc, an orc priest and an orc wizard come into view.
The orc shouts!
The orc priest shouts!
The orc wizard shouts!
The orc priest calls down the wrath of Beogh upon you.
Beogh smites you!
* * * LOW HITPOINT WARNING * * *
The orc priest mumbles some strange prayers to Beogh against you.
Pain shoots through your body!
You die...

.≈#≈≈≈≈≈.≈≈≈≈≈≈≈##
..≈≈≈≈#..≈.≈≈≈≈..#.#..
#≈≈≈≈≈...##≈≈≈#...#....
##≈≈#≈≈≈≈≈≈≈≈.#........
##.≈≈≈≈≈≈≈.......♣.....
#.#.≈≈.≈≈##............
#.......###.....♣∩♣..........
####...## #.....oo.....#..._
#.#.# #@...♣........... ##.#)#
#....o........... #..#.##
##5..5##......_..8
####..#..####..#..##..........
..#............##o.#..........
#.#.#>......................._ .
#.#.#......###.#...#..........
.##.#.#.........................
..#.#.#....)####.#....##........


You could see an orc priest, an orc wizard, 2 orcs, a friendly quasit and a
friendly shadow imp.

Vanquished Creatures
  An ogre (D:4)
  2 orc wizards (D:2)
  Terence (D:3)
  A worker ant (D:4)
  3 gnolls
  7 adders
  3 worms
  10 dart slugs
  2 leopard geckos
  2 orcs (D:3)
  4 giant cockroaches
  6 goblins
  3 hobgoblins
  6 jackals
  2 quokkas (D:3)
  2 ball pythons (D:1)
  6 bats
  8 frilled lizards
  7 kobolds
  A leopard gecko skeleton (D:4)
  4 rats
81 creatures vanquished.

Vanquished Creatures (collateral kills)
  A dart slug (D:4)
1 creature vanquished.

Grand Total: 82 creatures vanquished

Notes
Turn   | Place    | Note
-------+----------+-------------------------------------------
     0 | D:1      | pkoi the Demonspawn Gladiator began the quest for the Orb.
     0 | D:1      | Reached XP level 1. HP: 16/16 MP: 1/1
    33 | D:1      | Reached skill level 3 in Long Blades
    74 | D:1      | Gained mutation: You have a pair of small horns on your head. [demonic ancestry]
    74 | D:1      | Reached XP level 2. HP: 15/22 MP: 2/2
   501 | D:1      | Gained mutation: You are partially covered in thin metallic scales. (AC +2) [demonic ancestry]
   501 | D:1      | Reached XP level 3. HP: 19/27 MP: 3/3
   782 | D:2      | Found a snail-covered altar of Cheibriados.
   948 | D:2      | Reached skill level 4 in Long Blades
  1455 | D:2      | Reached XP level 4. HP: 28/33 MP: 4/4
  1857 | D:3      | Noticed TheHza's ghost (amateur FoFi)
  2207 | D:3      | Found a bloodstained altar of Trog.
  2226 | D:3      | Reached skill level 5 in Long Blades
  2408 | D:2      | Reached XP level 5. HP: 27/38 MP: 5/5
  2643 | D:3      | Noticed Terence
  2657 | D:3      | Killed Terence
  2931 | D:3      | Reached skill level 6 in Long Blades
  3371 | D:4      | Gained mutation: A weak demonic guardian rushes to your aid. [demonic ancestry]
  3371 | D:4      | Reached XP level 6. HP: 44/44 MP: 6/6
  3635 | D:4      | Found a deep blue altar of Sif Muna.
  3652 | D:4      | Found a hide-covered altar of Uskayaw.
  3652 | D:4      | Found a shimmering altar of Xom.
  3652 | D:4      | Found Reutwov's Jewellery Boutique.
  3711 | D:4      | HP: 2/44 [orc priest/divine providence (12)]
  3713 | D:4      | Killed from afar by an orc priest

Vault maps used:
D:1:      dpeg_arrival_erosion
D:2:      lemuel_doored_altar, first_bread, kennysheep_generic_room_12
D:3:      bloody_trog, uniq_terence
D:4:      kennysheep_slugbush, grunt_temple_overflow_open,
          minmay_temple_entry_hall, serial_shops, nicolae_shop_trees,
          hangedman_minor_gate_pass

Skill      XL: |  1  2  3  4  5 |
---------------+----------------+-----
Long Blades    | 3 4 5 6 |  6.7
Fighting       | |  2.0
Throwing       | |  1.8
Dodging        | |  2.7

Action                   |  1- 3 |  4- 6 || total
-------------------------+-------+-------++-------
Melee: Long sword        |    92 |   163 ||   255
       Headbutt          |    14 |    40 ||    54
  Use: Scroll            |       |     1 ||     1
 Stab: Sleeping          |     1 |       ||     1
  Eat: Chunk             |     2 |     7 ||     9
Armor: Leather armour    |    31 |     2 ||    33
       Chain mail        |       |   102 ||   102
Dodge: Dodged            |    71 |    69 ||   140
       Rpst.: Long sword |    23 |    14 ||    37

Table legend:
 A = Spawn XP
 B = Non-spawn XP
 C = Spawn XP percentage of total XP
 D = Spawn monster count
 E = Non-spawn monster count
 F = Spawn count percentage of total count
 G = Total turns spent on level
                    A         B        C        D         E        F      G
               +---------+---------+-------+---------+---------+-------+---------
         Total |       0 |     552 |   0.0 |       0 |      82 |   0.0 |  3713
               +---------+---------+-------+---------+---------+-------+---------
           D:1 |       0 |      48 |   0.0 |       0 |      27 |   0.0 |   756
           D:2 |       0 |     162 |   0.0 |       0 |      18 |   0.0 |  1766
           D:3 |       0 |     166 |   0.0 |       0 |      28 |   0.0 |   870
           D:4 |       0 |     176 |   0.0 |       0 |       9 |   0.0 |   321
               +---------+---------+-------+---------+---------+-------+---------
